Connexion

Monsters vs Thunderbirds

Created - 14 février 2024 at 05:46

Goals
1 2 3 T
Monsters 2 1 2 5
Thunderbirds 1 1 1 3
Shots
1 2 3 T
Monsters 15 12 16 43
Thunderbirds 8 9 10 27

GoalsPenalties
1st period
1. Monsters , Nicolas Petan 33 (Adam Ginning 33, Anthony Angello 24) at 2:07
2. Thunderbirds , Stefan Noesen 25 (Chris Wideman 45, Stelio Mattheos 4) at 13:15
3. Monsters , Carsen Twarynski 9 (Anthony Angello 25) at 17:26 (PP)
Stuart Percy (SPR) for Slashing (Minor) at 15:34
2nd period
4. Monsters , Alex Formenton 30 (Sean Day 37, Dysin Mayo 27) at 6:00 (PP)
5. Thunderbirds , Stefan Noesen 26 (Stelio Mattheos 5) at 7:46
Noel Acciari (SPR) for Roughing (Minor) at 5:52
Noel Acciari (SPR) for Cross-checking (Minor) at 12:27
Chris Bigras (CLE) for Holding (Minor) at 14:49
3rd period
6. Monsters , Andrew Poturalski 18 (Alex Formenton 53, Nicholas Abruzzese 46) at 6:52
7. Monsters , Nathan Walker 4 (Sean Day 38, Max Willman 21) at 12:41
8. Thunderbirds , C.J. Smith 25 (Paul Stastny 44, Noel Acciari 33) at 17:25
Alex Peters (SPR) for Holding (Minor) at 7:57
Bobby Nardella (SPR) for Roughing (Minor) at 8:06
Noel Acciari (SPR) for Tripping (Minor) at 18:44
Goalie Stats
Kevin Mandolese (CLE), 24 saves from 27 shots - (0,889), W, 33-19-3, 60:00 minutes
Hunter Miska (SPR), 38 saves from 43 shots - (0,884), L, 15-19-3, 60:00 minutes
3 StarsOfficial
1 - Stefan Noesen (SPR)
2 - Alex Formenton (CLE)
3 - Nathan Walker (CLE)
Referees : Brian Pochmara and Mike Leggo
Linesman : Mark Shewchyk and Tim Nowak
Game Note
No Game Note
Finance
Level 1 -- Attendance: 1277 (63,85%) -- Ticket Income $51,080
Level 2 -- Attendance: 881 (88,10%) -- Ticket Income $17,620
Total Attendance: 2158 (71,93%)
Total Ticket Income: $68,700
Other Income: $13,740
Total Income: $82,440



Team Name Goals Shots Shots Attemp Shots Blocked PIM HIT PP PK FO%
Monsters 54376112292 / 6 (33%)049%
Thunderbirds 327551312200 / 1 (0%)251%

Monsters
Player Name POS G A P +/- PIM HIT SHT SB MP PP MP PP SHT PK MP PK SHT FO% FOT
Adam GinningD011-1002320:413:1810:5500% 0
Alex FormentonLW1120037025:123:2631:15033% 3
Andrew PoturalskiC/RW1010014120:563:2610:30067% 3
Anthony AngelloC/RW022-1061120:163:5600:0000% 1
Blade JenkinsC/LW000000103:310:0000:00050% 4
Carsen TwarynskiLW101-1022120:463:5610:3000% 0
Chris BigrasD0000211014:570:0000:0000% 0
Dysin MayoD0111021024:214:0401:0400% 0
Filip HallanderC/LW000000000:000:0000:0000% 0
Justin BaileyRW0001011013:480:0000:0000% 0
Mason GeertsenD000-1040120:413:1800:5500% 0
Max WillmanC/LW0111001113:480:0000:00062% 21
Mitch ReinkeD0000000114:580:0000:0000% 0
Nathan WalkerLW1011044114:020:0000:14033% 3
Nicholas AbruzzeseC/LW0110029021:413:2631:15045% 29
Nicolas PetanC/LW/RW101-1006120:303:5630:14047% 30
Ryan FitzgeraldC/LW000000003:310:0000:0000% 0
Sean DayD0221033024:214:0401:0400% 0
Thunderbirds
Player Name POS G A P +/- PIM HIT SHT SB MP PP MP PP SHT PK MP PK SHT FO% FOT
Alex PetersD0000212214:580:0000:0000% 0
Austin PoganskiRW000-100207:230:0002:5800% 2
Bobby NardellaD0000210320:230:4003:0500% 0
C.J. SmithLW1010013018:471:1900:460100% 2
Chris WidemanD0110021123:291:1903:0800% 0
Dawson LeedahlLW0001012013:590:0000:0000% 1
Felix GirardC000000000:000:0000:0000% 0
Libor SulakD0000010221:320:4004:1400% 0
Logan O'ConnorRW0000003016:590:4000:46050% 2
Lucas ElvenesC000-101004:250:0000:00040% 5
Michael ChaputC/LW0000012118:340:4002:21061% 23
Noel AcciariC/RW0110631019:161:1901:18033% 3
Nolan VeseyLW/RW0000001016:390:4000:2600% 0
Paul StastnyC011-1003126:451:1904:19062% 34
Sergei BoikovD0000001116:470:0001:4800% 0
Stefan NoesenRW2021033013:590:0000:0000% 0
Stelio MattheosC/RW0221001013:590:0000:00032% 22
Stuart PercyD0000252222:481:1902:2800% 0



Play-by-Play

1st period


0:01 of 1st period - Paul Stastny wins face-off versus Nicholas Abruzzese in neutral zone.
0:07 of 1st period - Icing by Sean Day.
0:08 of 1st period - Michael Chaput wins face-off versus Nicholas Abruzzese in Monsters zone.
0:36 of 1st period - Shot by Alex Formenton.
0:36 of 1st period - Stopped by Hunter Miska without a rebound.
0:37 of 1st period - Stelio Mattheos wins face-off versus Nicolas Petan in Thunderbirds zone.
0:41 of 1st period - Off-side.
0:42 of 1st period - Max Willman wins face-off versus Paul Stastny in neutral zone.
1:32 of 1st period - Icing by Mitch Reinke.
1:33 of 1st period - Max Willman wins face-off versus Stelio Mattheos in Monsters zone.
1:47 of 1st period - Icing by Sergei Boikov.
1:48 of 1st period - Nicolas Petan wins face-off versus Stelio Mattheos in Thunderbirds zone.
1:53 of 1st period - Shot by Anthony Angello.
1:53 of 1st period - Stopped by Hunter Miska with a rebound.
1:55 of 1st period - Shot by Anthony Angello.
1:55 of 1st period - Shot Misses the Net.
2:05 of 1st period - Shot by Nicolas Petan.
2:05 of 1st period - Shot Misses the Net.
2:07 of 1st period - Shot by Nicolas Petan.
2:07 of 1st period - Goal by Nicolas Petan - Monsters : 1 - Thunderbirds : 0.
2:08 of 1st period - Michael Chaput wins face-off versus Nicholas Abruzzese in neutral zone.
2:23 of 1st period - Shot by Michael Chaput.
2:23 of 1st period - Deflect By Logan O'Connor.
2:23 of 1st period - Shot Blocked by Andrew Poturalski.
3:23 of 1st period - Shot by Nicolas Petan.
3:23 of 1st period - Shot Misses the Net.
3:34 of 1st period - Carsen Twarynski is hit by Chris Wideman.
4:02 of 1st period - Stelio Mattheos is hit by Anthony Angello and loses puck.
4:12 of 1st period - Sergei Boikov is hit by Anthony Angello and loses puck.
4:18 of 1st period - Alex Peters is hit by Mason Geertsen and loses puck.
4:41 of 1st period - Shot by Nathan Walker.
4:41 of 1st period - Stopped by Hunter Miska without a rebound.
4:42 of 1st period - Michael Chaput wins face-off versus Blade Jenkins in Thunderbirds zone.
4:42 of 1st period - Michael Chaput is hit by Alex Formenton.
5:28 of 1st period - Icing by Logan O'Connor.
5:29 of 1st period - Max Willman wins face-off versus Michael Chaput in Thunderbirds zone.
5:32 of 1st period - Shot by Sean Day.
5:32 of 1st period - Stopped by Hunter Miska without a rebound.
5:33 of 1st period - Paul Stastny wins face-off versus Max Willman in Thunderbirds zone.
5:33 of 1st period - Bobby Nardella is hit by Nathan Walker and loses puck.
5:40 of 1st period - Shot by Nathan Walker.
5:40 of 1st period - Shot Misses the Net.
5:53 of 1st period - Noel Acciari is hit by Nathan Walker and loses puck.
6:02 of 1st period - Shot by Max Willman.
6:02 of 1st period - Stopped by Hunter Miska without a rebound.
6:03 of 1st period - Nicholas Abruzzese wins face-off versus Stelio Mattheos in Thunderbirds zone.
7:21 of 1st period - Icing by Bobby Nardella.
7:22 of 1st period - Paul Stastny wins face-off versus Max Willman in Thunderbirds zone.
7:22 of 1st period - Paul Stastny is hit by Nathan Walker.
7:28 of 1st period - Shot by Bobby Nardella.
7:28 of 1st period - Shot Misses the Net.
7:37 of 1st period - Icing by Bobby Nardella.
7:38 of 1st period - Nicolas Petan wins face-off versus Paul Stastny in Thunderbirds zone.
8:09 of 1st period - Shot by Nolan Vesey.
8:09 of 1st period - Shot Hit the Post.
8:11 of 1st period - Shot by Stuart Percy.
8:11 of 1st period - Stopped by Kevin Mandolese with a rebound.
8:13 of 1st period - Shot by Stuart Percy.
8:13 of 1st period - Stopped by Kevin Mandolese without a rebound.
8:14 of 1st period - Nicholas Abruzzese wins face-off versus Stelio Mattheos in Monsters zone.
8:42 of 1st period - Shot by Stelio Mattheos.
8:42 of 1st period - Shot Blocked by Adam Ginning.
10:57 of 1st period - Blade Jenkins is hit by Noel Acciari and loses puck.
11:24 of 1st period - Icing by Libor Sulak.
11:25 of 1st period - Paul Stastny wins face-off versus Nicholas Abruzzese in Thunderbirds zone.
11:34 of 1st period - Shot by Paul Stastny.
11:34 of 1st period - Stopped by Kevin Mandolese without a rebound.
11:35 of 1st period - Max Willman wins face-off versus Stelio Mattheos in Monsters zone.
11:58 of 1st period - Shot by Nathan Walker.
11:58 of 1st period - Stopped by Hunter Miska without a rebound.
11:59 of 1st period - Lucas Elvenes wins face-off versus Nicolas Petan in Thunderbirds zone.
12:06 of 1st period - Carsen Twarynski is hit by Lucas Elvenes and loses puck.
12:12 of 1st period - Icing by Dysin Mayo.
12:13 of 1st period - Nicolas Petan wins face-off versus Noel Acciari in Monsters zone.
12:37 of 1st period - Shot by Anthony Angello.
12:37 of 1st period - Deflect By Carsen Twarynski.
12:37 of 1st period - Stopped by Hunter Miska without a rebound.
12:38 of 1st period - Nicholas Abruzzese wins face-off versus Dawson Leedahl in Thunderbirds zone.
12:38 of 1st period - Andrew Poturalski is hit by Stuart Percy and loses puck.
12:56 of 1st period - Adam Ginning is hit by Stefan Noesen and loses puck.
13:13 of 1st period - Shot by Stefan Noesen.
13:13 of 1st period - Shot Blocked by Adam Ginning.
13:15 of 1st period - Shot by Stefan Noesen.
13:15 of 1st period - Goal by Stefan Noesen - Monsters : 1 - Thunderbirds : 1.
13:16 of 1st period - C.J. Smith wins face-off versus Nicolas Petan in neutral zone.
13:42 of 1st period - Shot by Nicolas Petan.
13:42 of 1st period - Stopped by Hunter Miska without a rebound.
13:43 of 1st period - Max Willman wins face-off versus Michael Chaput in Thunderbirds zone.
14:14 of 1st period - Shot by Nolan Vesey.
14:14 of 1st period - Stopped by Kevin Mandolese with a rebound.
14:58 of 1st period - C.J. Smith is hit by Sean Day and loses puck.
15:32 of 1st period - Nicolas Petan is hit by Stuart Percy and loses puck.
15:34 of 1st period - Minor Penalty to Stuart Percy for Slashing.
15:35 of 1st period - Nicolas Petan wins face-off versus Austin Poganski in Thunderbirds zone.
15:46 of 1st period - Michael Chaput is hit by Anthony Angello and loses puck.
15:51 of 1st period - Shot by Adam Ginning.
15:51 of 1st period - Stopped by Hunter Miska without a rebound.
15:52 of 1st period - Paul Stastny wins face-off versus Nicolas Petan in Thunderbirds zone.
16:15 of 1st period - Shot by Anthony Angello.
16:15 of 1st period - Shot Blocked by Libor Sulak.
16:17 of 1st period - Shot by Nicolas Petan.
16:17 of 1st period - Shot Misses the Net.
16:19 of 1st period - Shot by Nicolas Petan.
16:19 of 1st period - Shot Misses the Net.
16:21 of 1st period - Shot by Adam Ginning.
16:21 of 1st period - Shot Misses the Net.
16:49 of 1st period - Shot by Nicholas Abruzzese.
16:49 of 1st period - Deflect By Andrew Poturalski.
16:49 of 1st period - Shot Blocked by Michael Chaput.
16:51 of 1st period - Shot by Alex Formenton.
16:51 of 1st period - Shot Misses the Net.
16:53 of 1st period - Shot by Nicholas Abruzzese.
16:53 of 1st period - Stopped by Hunter Miska without a rebound.
16:54 of 1st period - Logan O'Connor wins face-off versus Nicholas Abruzzese in Thunderbirds zone.
17:07 of 1st period - Off-side.
17:08 of 1st period - Nicolas Petan wins face-off versus Paul Stastny in neutral zone.
17:13 of 1st period - Austin Poganski is hit by Carsen Twarynski and loses puck.
17:26 of 1st period - Shot by Carsen Twarynski.
17:26 of 1st period - Goal by Carsen Twarynski - Monsters : 2 - Thunderbirds : 1.
17:27 of 1st period - Max Willman wins face-off versus Stelio Mattheos in neutral zone.
17:27 of 1st period - Max Willman is hit by Stefan Noesen.
17:30 of 1st period - Chris Bigras is hit by Chris Wideman and loses puck.
17:41 of 1st period - Shot by Stelio Mattheos.
17:41 of 1st period - Stopped by Kevin Mandolese without a rebound.
17:42 of 1st period - Nicholas Abruzzese wins face-off versus Lucas Elvenes in Monsters zone.
18:26 of 1st period - Lucas Elvenes is hit by Sean Day and loses puck.
18:38 of 1st period - Icing by Dysin Mayo.
18:39 of 1st period - Michael Chaput wins face-off versus Nicholas Abruzzese in Monsters zone.
18:39 of 1st period - Michael Chaput is hit by Sean Day.
18:51 of 1st period - Shot by Michael Chaput.
18:51 of 1st period - Stopped by Kevin Mandolese without a rebound.
18:52 of 1st period - Nicolas Petan wins face-off versus Stelio Mattheos in Monsters zone.
19:25 of 1st period - Shot by Nicolas Petan.
19:25 of 1st period - Stopped by Hunter Miska without a rebound.
19:26 of 1st period - Max Willman wins face-off versus Paul Stastny in Thunderbirds zone.
19:27 of 1st period - Shot by Justin Bailey.
19:27 of 1st period - Stopped by Hunter Miska without a rebound.
19:28 of 1st period - Paul Stastny wins face-off versus Nathan Walker in Thunderbirds zone.
19:28 of 1st period - Paul Stastny is hit by Nathan Walker.
19:34 of 1st period - Chris Bigras is hit by C.J. Smith and loses puck.
19:41 of 1st period - Shot by C.J. Smith.
19:41 of 1st period - Stopped by Kevin Mandolese without a rebound.
19:42 of 1st period - Blade Jenkins wins face-off versus Michael Chaput in Monsters zone.
19:47 of 1st period - Shot by Adam Ginning.
19:47 of 1st period - Stopped by Hunter Miska with a rebound.
19:59 of 1st period - Shot by Logan O'Connor.
19:59 of 1st period - Shot Blocked by Adam Ginning.
Goals for this period are 2 for Monsters vs 1 for Thunderbirds.
Shots for this period are 15 for Monsters vs 8 for Thunderbirds.

2nd period


0:01 of 2nd period - Paul Stastny wins face-off versus Nicholas Abruzzese in neutral zone.
0:13 of 2nd period - Shot by Paul Stastny.
0:13 of 2nd period - Shot Misses the Net.
0:39 of 2nd period - Shot by Paul Stastny.
0:39 of 2nd period - Deflect By C.J. Smith.
0:39 of 2nd period - Stopped by Kevin Mandolese without a rebound.
0:40 of 2nd period - Nicolas Petan wins face-off versus Logan O'Connor in Monsters zone.
0:48 of 2nd period - Off-side.
0:49 of 2nd period - Stelio Mattheos wins face-off versus Nicolas Petan in neutral zone.
1:04 of 2nd period - Bobby Nardella is hit by Anthony Angello.
1:36 of 2nd period - Shot by C.J. Smith.
1:36 of 2nd period - Shot Blocked by Nicolas Petan.
1:38 of 2nd period - Shot by Noel Acciari.
1:38 of 2nd period - Shot Misses the Net.
1:40 of 2nd period - Shot by Noel Acciari.
1:40 of 2nd period - Stopped by Kevin Mandolese without a rebound.
1:41 of 2nd period - Nicholas Abruzzese wins face-off versus Michael Chaput in Monsters zone.
1:46 of 2nd period - Shot by Logan O'Connor.
1:46 of 2nd period - Stopped by Kevin Mandolese without a rebound.
1:47 of 2nd period - Paul Stastny wins face-off versus Nicholas Abruzzese in Monsters zone.
2:20 of 2nd period - Shot by Nicholas Abruzzese.
2:20 of 2nd period - Shot Misses the Net.
2:22 of 2nd period - Shot by Nicholas Abruzzese.
2:22 of 2nd period - Stopped by Hunter Miska without a rebound.
2:23 of 2nd period - Max Willman wins face-off versus Michael Chaput in Thunderbirds zone.
3:09 of 2nd period - Icing by Justin Bailey.
3:10 of 2nd period - Paul Stastny wins face-off versus Nathan Walker in Monsters zone.
3:25 of 2nd period - Shot by Paul Stastny.
3:25 of 2nd period - Stopped by Kevin Mandolese without a rebound.
3:26 of 2nd period - Stelio Mattheos wins face-off versus Nicholas Abruzzese in Monsters zone.
3:41 of 2nd period - Alex Peters is hit by Alex Formenton and loses puck.
3:58 of 2nd period - Shot by Stefan Noesen.
3:58 of 2nd period - Stopped by Kevin Mandolese without a rebound.
3:59 of 2nd period - Paul Stastny wins face-off versus Nicolas Petan in Monsters zone.
4:23 of 2nd period - Nicolas Petan is hit by Stuart Percy and loses puck.
5:16 of 2nd period - Shot by Sean Day.
5:16 of 2nd period - Stopped by Hunter Miska without a rebound.
5:17 of 2nd period - Stelio Mattheos wins face-off versus Max Willman in Thunderbirds zone.
5:19 of 2nd period - Icing by Dawson Leedahl.
5:20 of 2nd period - Max Willman wins face-off versus Stelio Mattheos in Thunderbirds zone.
5:23 of 2nd period - Shot by Justin Bailey.
5:23 of 2nd period - Shot Misses the Net.
5:47 of 2nd period - Shot by Dawson Leedahl.
5:47 of 2nd period - Shot Blocked by Nathan Walker.
5:49 of 2nd period - Shot by Alex Peters.
5:49 of 2nd period - Stopped by Kevin Mandolese without a rebound.
5:50 of 2nd period - Andrew Poturalski wins face-off versus Paul Stastny in Monsters zone.
5:52 of 2nd period - Minor Penalty to Noel Acciari for Roughing.
5:53 of 2nd period - Nicholas Abruzzese wins face-off versus Paul Stastny in Thunderbirds zone.
5:56 of 2nd period - Shot by Sean Day.
5:56 of 2nd period - Shot Blocked by Chris Wideman.
5:58 of 2nd period - Shot by Alex Formenton.
5:58 of 2nd period - Shot Misses the Net.
6:00 of 2nd period - Shot by Alex Formenton.
6:00 of 2nd period - Goal by Alex Formenton - Monsters : 3 - Thunderbirds : 1.
6:01 of 2nd period - Nicholas Abruzzese wins face-off versus Paul Stastny in neutral zone.
6:14 of 2nd period - Shot by Paul Stastny.
6:14 of 2nd period - Shot Misses the Net.
7:05 of 2nd period - Libor Sulak is hit by Nicholas Abruzzese and loses puck.
7:09 of 2nd period - Michael Chaput is hit by Dysin Mayo and loses puck.
7:25 of 2nd period - Off-side.
7:26 of 2nd period - Stelio Mattheos wins face-off versus Anthony Angello in neutral zone.
7:29 of 2nd period - Shot by Sergei Boikov.
7:29 of 2nd period - Stopped by Kevin Mandolese with a rebound.
7:39 of 2nd period - Adam Ginning is hit by Dawson Leedahl and loses puck.
7:46 of 2nd period - Shot by Stefan Noesen.
7:46 of 2nd period - Goal by Stefan Noesen - Monsters : 3 - Thunderbirds : 2.
7:47 of 2nd period - Lucas Elvenes wins face-off versus Max Willman in neutral zone.
7:50 of 2nd period - Shot by Paul Stastny.
7:50 of 2nd period - Shot Blocked by Max Willman.
7:52 of 2nd period - Shot by Austin Poganski.
7:52 of 2nd period - Shot Misses the Net.
7:54 of 2nd period - Shot by Lucas Elvenes.
7:54 of 2nd period - Shot Misses the Net.
7:56 of 2nd period - Shot by Chris Wideman.
7:56 of 2nd period - Stopped by Kevin Mandolese without a rebound.
7:57 of 2nd period - Michael Chaput wins face-off versus Nicolas Petan in Monsters zone.
8:00 of 2nd period - Shot by Logan O'Connor.
8:00 of 2nd period - Shot Hit the Post.
8:59 of 2nd period - Justin Bailey is hit by Stuart Percy and loses puck.
9:30 of 2nd period - Shot by Paul Stastny.
9:30 of 2nd period - Deflect By Noel Acciari.
9:30 of 2nd period - Shot Blocked by Mitch Reinke.
9:59 of 2nd period - Shot by Dysin Mayo.
9:59 of 2nd period - Shot Blocked by Sergei Boikov.
10:01 of 2nd period - Shot by Dysin Mayo.
10:01 of 2nd period - Shot Misses the Net.
10:03 of 2nd period - Shot by Alex Formenton.
10:03 of 2nd period - Stopped by Hunter Miska with a rebound.
10:05 of 2nd period - Shot by Dysin Mayo.
10:05 of 2nd period - Stopped by Hunter Miska without a rebound.
10:06 of 2nd period - Nicolas Petan wins face-off versus Lucas Elvenes in Thunderbirds zone.
10:07 of 2nd period - Shot by Anthony Angello.
10:07 of 2nd period - Shot Misses the Net.
10:13 of 2nd period - Libor Sulak is hit by Anthony Angello and loses puck.
10:24 of 2nd period - Shot by Carsen Twarynski.
10:24 of 2nd period - Shot Blocked by Bobby Nardella.
10:29 of 2nd period - Off-side.
10:30 of 2nd period - Michael Chaput wins face-off versus Nicholas Abruzzese in neutral zone.
10:35 of 2nd period - Shot by Logan O'Connor.
10:35 of 2nd period - Shot Misses the Net.
10:43 of 2nd period - Shot by Alex Formenton.
10:43 of 2nd period - Shot Blocked by Stuart Percy.
10:45 of 2nd period - Shot by Nicholas Abruzzese.
10:45 of 2nd period - Stopped by Hunter Miska without a rebound.
10:46 of 2nd period - Nicolas Petan wins face-off versus Stelio Mattheos in Thunderbirds zone.
10:50 of 2nd period - Icing by Alex Peters.
10:51 of 2nd period - Nicholas Abruzzese wins face-off versus Stelio Mattheos in Thunderbirds zone.
11:30 of 2nd period - Shot by Alex Formenton.
11:30 of 2nd period - Stopped by Hunter Miska without a rebound.
11:31 of 2nd period - Nicolas Petan wins face-off versus Noel Acciari in Thunderbirds zone.
11:31 of 2nd period - Carsen Twarynski is hit by Stuart Percy and loses puck.
11:50 of 2nd period - Shot by Stuart Percy.
11:50 of 2nd period - Shot Misses the Net.
11:52 of 2nd period - Shot by Stuart Percy.
11:52 of 2nd period - Shot Blocked by Carsen Twarynski.
12:09 of 2nd period - Shot by Noel Acciari.
12:09 of 2nd period - Shot Misses the Net.
12:27 of 2nd period - Minor Penalty to Noel Acciari for Cross-checking.
12:28 of 2nd period - Nicholas Abruzzese wins face-off versus Austin Poganski in Thunderbirds zone.
13:01 of 2nd period - Shot by Sean Day.
13:01 of 2nd period - Shot Misses the Net.
13:03 of 2nd period - Shot by Dysin Mayo.
13:03 of 2nd period - Shot Blocked by Libor Sulak.
13:05 of 2nd period - Shot by Sean Day.
13:05 of 2nd period - Deflect By Nicholas Abruzzese.
13:05 of 2nd period - Stopped by Hunter Miska without a rebound.
13:06 of 2nd period - Michael Chaput wins face-off versus Nicolas Petan in Thunderbirds zone.
13:50 of 2nd period - Off-side.
13:51 of 2nd period - Nicholas Abruzzese wins face-off versus Michael Chaput in neutral zone.
14:07 of 2nd period - Shot by Alex Formenton.
14:07 of 2nd period - Stopped by Hunter Miska without a rebound.
14:08 of 2nd period - Paul Stastny wins face-off versus Alex Formenton in Thunderbirds zone.
14:32 of 2nd period - Icing by Max Willman.
14:33 of 2nd period - Max Willman wins face-off versus Michael Chaput in Monsters zone.
14:49 of 2nd period - Minor Penalty to Chris Bigras for Holding.
14:50 of 2nd period - Alex Formenton wins face-off versus Paul Stastny in Monsters zone.
15:06 of 2nd period - C.J. Smith is hit by Dysin Mayo and loses puck.
15:22 of 2nd period - Icing by C.J. Smith.
15:23 of 2nd period - Paul Stastny wins face-off versus Alex Formenton in Thunderbirds zone.
17:39 of 2nd period - Icing by Stefan Noesen.
17:40 of 2nd period - Nicolas Petan wins face-off versus Stelio Mattheos in Thunderbirds zone.
18:20 of 2nd period - Off-side.
18:21 of 2nd period - Paul Stastny wins face-off versus Nicholas Abruzzese in neutral zone.
18:46 of 2nd period - Shot by Adam Ginning.
18:46 of 2nd period - Shot Misses the Net.
18:52 of 2nd period - Shot by Nicholas Abruzzese.
18:52 of 2nd period - Stopped by Hunter Miska with a rebound.
18:54 of 2nd period - Shot by Alex Formenton.
18:54 of 2nd period - Stopped by Hunter Miska without a rebound.
18:55 of 2nd period - Max Willman wins face-off versus Michael Chaput in Thunderbirds zone.
18:56 of 2nd period - Shot by Nathan Walker.
18:56 of 2nd period - Stopped by Hunter Miska without a rebound.
18:57 of 2nd period - Michael Chaput wins face-off versus Nicolas Petan in Thunderbirds zone.
19:28 of 2nd period - Icing by Bobby Nardella.
19:29 of 2nd period - Michael Chaput wins face-off versus Nicholas Abruzzese in Thunderbirds zone.
19:34 of 2nd period - Alex Formenton is hit by Michael Chaput and loses puck.
19:50 of 2nd period - Alex Formenton is hit by Bobby Nardella and loses puck.
Goals for this period are 1 for Monsters vs 1 for Thunderbirds.
Shots for this period are 12 for Monsters vs 9 for Thunderbirds.

3rd period


0:01 of 3rd period - Paul Stastny wins face-off versus Nicholas Abruzzese in neutral zone.
0:01 of 3rd period - Paul Stastny is hit by Alex Formenton.
0:07 of 3rd period - Paul Stastny is hit by Nicholas Abruzzese and loses puck.
0:22 of 3rd period - Shot by Alex Formenton.
0:22 of 3rd period - Shot Misses the Net.
0:24 of 3rd period - Shot by Dysin Mayo.
0:24 of 3rd period - Shot Misses the Net.
1:02 of 3rd period - Shot by Nicolas Petan.
1:02 of 3rd period - Shot Blocked by Paul Stastny.
1:04 of 3rd period - Shot by Carsen Twarynski.
1:04 of 3rd period - Shot Blocked by Stuart Percy.
1:20 of 3rd period - Icing by Noel Acciari.
1:21 of 3rd period - Max Willman wins face-off versus Paul Stastny in Thunderbirds zone.
1:53 of 3rd period - Off-side.
1:54 of 3rd period - Blade Jenkins wins face-off versus Stelio Mattheos in neutral zone.
2:04 of 3rd period - Icing by Alex Peters.
2:05 of 3rd period - Nicholas Abruzzese wins face-off versus Stelio Mattheos in Thunderbirds zone.
2:05 of 3rd period - Andrew Poturalski is hit by Alex Peters and loses puck.
2:10 of 3rd period - Shot by Alex Formenton.
2:10 of 3rd period - Shot Misses the Net.
2:12 of 3rd period - Shot by Andrew Poturalski.
2:12 of 3rd period - Stopped by Hunter Miska with a rebound.
2:14 of 3rd period - Shot by Alex Formenton.
2:14 of 3rd period - Shot Misses the Net.
2:16 of 3rd period - Shot by Sean Day.
2:16 of 3rd period - Stopped by Hunter Miska without a rebound.
2:17 of 3rd period - Michael Chaput wins face-off versus Nicolas Petan in Thunderbirds zone.
2:17 of 3rd period - Michael Chaput is hit by Anthony Angello.
2:28 of 3rd period - Logan O'Connor is hit by Mason Geertsen and loses puck.
2:37 of 3rd period - Shot by Logan O'Connor.
2:37 of 3rd period - Stopped by Kevin Mandolese with a rebound.
2:39 of 3rd period - Shot by Michael Chaput.
2:39 of 3rd period - Shot Blocked by Mason Geertsen.
3:21 of 3rd period - Nicholas Abruzzese is hit by Stefan Noesen and loses puck.
4:03 of 3rd period - Shot by Austin Poganski.
4:03 of 3rd period - Deflect By Paul Stastny.
4:03 of 3rd period - Shot Misses the Net.
4:07 of 3rd period - Shot by Austin Poganski.
4:07 of 3rd period - Stopped by Kevin Mandolese with a rebound.
4:09 of 3rd period - Shot by Paul Stastny.
4:09 of 3rd period - Shot Misses the Net.
4:11 of 3rd period - Shot by Austin Poganski.
4:11 of 3rd period - Stopped by Kevin Mandolese without a rebound.
4:12 of 3rd period - C.J. Smith wins face-off versus Max Willman in Monsters zone.
5:37 of 3rd period - Shot by Dawson Leedahl.
5:37 of 3rd period - Stopped by Kevin Mandolese with a rebound.
6:07 of 3rd period - Shot by Stefan Noesen.
6:07 of 3rd period - Shot Misses the Net.
6:42 of 3rd period - Shot by Andrew Poturalski.
6:42 of 3rd period - Stopped by Hunter Miska with a rebound.
6:44 of 3rd period - Shot by Andrew Poturalski.
6:44 of 3rd period - Shot Blocked by Bobby Nardella.
6:46 of 3rd period - Shot by Nicholas Abruzzese.
6:46 of 3rd period - Shot Blocked by Bobby Nardella.
6:52 of 3rd period - Shot by Andrew Poturalski.
6:52 of 3rd period - Goal by Andrew Poturalski - Monsters : 4 - Thunderbirds : 2.
6:53 of 3rd period - Michael Chaput wins face-off versus Max Willman in neutral zone.
7:26 of 3rd period - Shot by Nolan Vesey.
7:26 of 3rd period - Deflect By Michael Chaput.
7:26 of 3rd period - Stopped by Kevin Mandolese with a rebound.
7:57 of 3rd period - Minor Penalty to Alex Peters for Holding.
7:58 of 3rd period - Nicholas Abruzzese wins face-off versus Paul Stastny in Thunderbirds zone.
8:06 of 3rd period - Minor Penalty to Bobby Nardella for Roughing.
8:07 of 3rd period - Paul Stastny wins face-off versus Nicholas Abruzzese in Thunderbirds zone.
8:26 of 3rd period - Shot by Andrew Poturalski.
8:26 of 3rd period - Stopped by Hunter Miska without a rebound.
8:27 of 3rd period - Paul Stastny wins face-off versus Nicolas Petan in Thunderbirds zone.
8:43 of 3rd period - Icing by Sean Day.
8:44 of 3rd period - Paul Stastny wins face-off versus Nicolas Petan in Monsters zone.
8:57 of 3rd period - Shot by Nicolas Petan.
8:57 of 3rd period - Stopped by Hunter Miska with a rebound.
8:59 of 3rd period - Shot by Carsen Twarynski.
8:59 of 3rd period - Deflect By Nicolas Petan.
8:59 of 3rd period - Stopped by Hunter Miska without a rebound.
9:00 of 3rd period - Paul Stastny wins face-off versus Andrew Poturalski in Thunderbirds zone.
9:23 of 3rd period - Shot by Nicholas Abruzzese.
9:23 of 3rd period - Stopped by Hunter Miska without a rebound.
9:24 of 3rd period - Paul Stastny wins face-off versus Nicolas Petan in Thunderbirds zone.
9:55 of 3rd period - Icing by Carsen Twarynski.
9:56 of 3rd period - Noel Acciari wins face-off versus Nicolas Petan in Monsters zone.
10:00 of 3rd period - Icing by Sean Day.
10:01 of 3rd period - Nicolas Petan wins face-off versus Paul Stastny in Monsters zone.
10:18 of 3rd period - Shot by Alex Formenton.
10:18 of 3rd period - Shot Blocked by Alex Peters.
11:40 of 3rd period - Shot by C.J. Smith.
11:40 of 3rd period - Shot Misses the Net.
12:17 of 3rd period - Icing by C.J. Smith.
12:18 of 3rd period - Paul Stastny wins face-off versus Max Willman in Thunderbirds zone.
12:18 of 3rd period - Paul Stastny is hit by Justin Bailey.
12:26 of 3rd period - Justin Bailey is hit by Noel Acciari and loses puck.
12:41 of 3rd period - Shot by Nathan Walker.
12:41 of 3rd period - Goal by Nathan Walker - Monsters : 5 - Thunderbirds : 2.
12:42 of 3rd period - Michael Chaput wins face-off versus Blade Jenkins in neutral zone.
13:13 of 3rd period - Shot by Michael Chaput.
13:13 of 3rd period - Shot Misses the Net.
13:15 of 3rd period - Shot by Logan O'Connor.
13:15 of 3rd period - Stopped by Kevin Mandolese without a rebound.
13:16 of 3rd period - Max Willman wins face-off versus Stelio Mattheos in Monsters zone.
13:58 of 3rd period - Icing by Sergei Boikov.
13:59 of 3rd period - Stelio Mattheos wins face-off versus Nicholas Abruzzese in Thunderbirds zone.
13:59 of 3rd period - Stelio Mattheos is hit by Andrew Poturalski.
14:19 of 3rd period - Shot by Nicholas Abruzzese.
14:19 of 3rd period - Stopped by Hunter Miska with a rebound.
14:36 of 3rd period - Noel Acciari is hit by Chris Bigras and loses puck.
14:43 of 3rd period - Shot by Paul Stastny.
14:43 of 3rd period - Stopped by Kevin Mandolese without a rebound.
14:44 of 3rd period - Michael Chaput wins face-off versus Nicolas Petan in Monsters zone.
14:44 of 3rd period - Michael Chaput is hit by Mason Geertsen.
14:55 of 3rd period - Off-side.
14:56 of 3rd period - Nathan Walker wins face-off versus Lucas Elvenes in neutral zone.
15:48 of 3rd period - Shot by Blade Jenkins.
15:48 of 3rd period - Stopped by Hunter Miska without a rebound.
15:49 of 3rd period - Andrew Poturalski wins face-off versus Michael Chaput in Thunderbirds zone.
16:22 of 3rd period - Shot by Nicholas Abruzzese.
16:22 of 3rd period - Stopped by Hunter Miska without a rebound.
16:23 of 3rd period - Nicolas Petan wins face-off versus Stelio Mattheos in Thunderbirds zone.
16:28 of 3rd period - Shot by Anthony Angello.
16:28 of 3rd period - Shot Blocked by Alex Peters.
16:30 of 3rd period - Shot by Chris Bigras.
16:30 of 3rd period - Stopped by Hunter Miska without a rebound.
16:31 of 3rd period - Stelio Mattheos wins face-off versus Nicolas Petan in Thunderbirds zone.
16:31 of 3rd period - Stelio Mattheos is hit by Carsen Twarynski.
16:47 of 3rd period - Shot by Dawson Leedahl.
16:47 of 3rd period - Shot Hit the Post.
16:53 of 3rd period - Shot by Dawson Leedahl.
16:53 of 3rd period - Stopped by Kevin Mandolese with a rebound.
17:05 of 3rd period - Shot by Stefan Noesen.
17:05 of 3rd period - Shot Blocked by Anthony Angello.
17:07 of 3rd period - Shot by Alex Peters.
17:07 of 3rd period - Stopped by Kevin Mandolese with a rebound.
17:25 of 3rd period - Shot by C.J. Smith.
17:25 of 3rd period - Goal by C.J. Smith - Monsters : 5 - Thunderbirds : 3.
17:26 of 3rd period - Michael Chaput wins face-off versus Nicholas Abruzzese in neutral zone.
17:47 of 3rd period - Logan O'Connor is hit by Mason Geertsen and loses puck.
18:00 of 3rd period - Shot by Alex Formenton.
18:00 of 3rd period - Shot Misses the Net.
18:02 of 3rd period - Shot by Nicholas Abruzzese.
18:02 of 3rd period - Stopped by Hunter Miska without a rebound.
18:03 of 3rd period - Paul Stastny wins face-off versus Max Willman in Thunderbirds zone.
18:21 of 3rd period - Justin Bailey is hit by Noel Acciari and loses puck.
18:37 of 3rd period - Nathan Walker is hit by Libor Sulak.
18:44 of 3rd period - Minor Penalty to Noel Acciari for Tripping.
18:45 of 3rd period - Nicholas Abruzzese wins face-off versus Paul Stastny in Thunderbirds zone.
19:04 of 3rd period - Shot by Alex Formenton.
19:04 of 3rd period - Stopped by Hunter Miska without a rebound.
19:05 of 3rd period - Nicolas Petan wins face-off versus Paul Stastny in Thunderbirds zone.
19:20 of 3rd period - Shot by Nicolas Petan.
19:20 of 3rd period - Stopped by Hunter Miska with a rebound.
Goals for this period are 2 for Monsters vs 1 for Thunderbirds.
Shots for this period are 16 for Monsters vs 10 for Thunderbirds.